 Dungeon Crawl Stone Soup version 0.30-a0-986-g7f2e898f52 (webtiles) character file.

Game seed: 5584072264268872873

42725 Demosthentine the Fighter (level 13, -3/96 HPs)
             Began as a Demonspawn Gladiator on Apr 2, 2023.
             Was a Priest of Hepliaklqana.
             Slain by a death knight
             ... wielding a +0 broad axe
              (23 damage)
             ... on level 14 of the Dungeon.
             The game lasted 00:16:03 (12438 turns).

Demosthentine the Fighter (Demonspawn Gladiator)   Turns: 12438, Time: 00:16:04

Health: -3/96      AC: 11    Str: 22    XL:     13   Next: 87%
Magic:  21/21      EV: 23    Int:  7    God:    Hepliaklqana [***...]
Gold:   465        SH: 11    Dex: 18    Spells: 12/12 levels left

rFire   . . .      SeeInvis .    x - +7 trident "Vathruh" {venom, Will+ rCorr}
rCold   . . .      Faith    .    G - +0 buckler
rNeg    . . .      Spirit   .    t - +0 troll leather armour
rPois   .          Reflect  +    c - +1 helmet
rElec   +          Rampage  .    P - +0 cloak of the Land of Plenty {rElec Int-5 Stlth+}
rCorr   +                        (no gloves)
Will    ++...                    i - +1 pair of boots
Stlth   ++                       p - amulet of reflection
HPRegen 1.16/turn                f - +6 ring of strength
MPRegen 0.17/turn                k - ring of willpower

@: agile, slowed, very slow
A: reduced essence, powered by pain 3, spiny 2, big brain 1, demonic touch 2
a: Renounce Religion, Recall Ancestor, Ancestor Identity, Transference


You were on level 14 of the Dungeon.
You worshipped Hepliaklqana.
Hepliaklqana was most pleased with you.
You visited 2 branches of the dungeon, and saw 16 of its levels.
You also visited: Sewer, Ossuary and Gauntlet.

You collected 962 gold pieces.
You spent 497 gold pieces at shops.

Inventory:

Hand Weapons
 x - the +7 trident "Vathruh" (weapon) {venom, Will+ rCorr}
   (You acquired it on level 5 of the Dungeon)

   rCorr:     It protects you from acid and corrosion.
   Will:      It increases your willpower.
Missiles
 d - a throwing net (quivered)
 e - 14 javelins
 I - 5 silver javelins
Armour
 c - a +1 helmet (worn)
 i - a +1 pair of boots (worn)
 t - a +0 troll leather armour (worn)
 G - a +0 buckler (worn)
 P - the +0 cloak of the Land of Plenty (worn) {rElec Int-5 Stlth+}
   (You found it in a Gauntlet)

   Int:       It affects your intelligence (-5).
   rElec:     It insulates you from electricity.
   Stlth:     It makes you more stealthy.
Jewellery
 f - a +6 ring of strength (left hand)
 k - a ring of willpower (right hand)
 p - an amulet of reflection (around neck)
 C - a ring of resist corrosion
 J - an amulet of guardian spirit
 M - a +5 ring of evasion
 Q - a ring of see invisible
Wands
 B - a wand of charming (18)
 E - a wand of light (22)
 H - a wand of flame (73)
 L - a wand of iceblast (5)
Scrolls
 a - a scroll of silence
 b - 5 scrolls of identify
 h - 12 scrolls of teleportation
 r - 7 scrolls of immolation
 s - 3 scrolls of vulnerability
 y - 3 scrolls of fog
 D - a scroll of enchant armour
 N - 3 scrolls of amnesia
 O - 2 scrolls of fear
 R - a scroll of enchant weapon
Potions
 g - 3 potions of heal wounds
 j - 5 potions of invisibility
 l - a potion of berserk rage
 m - 7 potions of curing
 n - 8 potions of brilliance
 o - a potion of lignification
 q - 3 potions of magic
 u - 7 potions of resistance
 v - 5 potions of attraction
 w - 4 potions of flight
 z - 8 potions of might
 A - a potion of haste
 F - 3 potions of mutation
 K - a potion of cancellation


   Skills:
 + Level 11.9 Fighting
 + Level 11.1 Polearms
 - Level 1.7 Throwing
 - Level 8.0 Armour
 + Level 11.1 Dodging
 - Level 6.5 Shields
 + Level 10.7 Invocations


You had 12 spell levels left.
You didn't know any spells.
Your spell library contained the following spells:

 Spells                   Type           Power      Damage    Failure   Level
 Freeze                   Ice            0%         1d3       56%         1
 Frozen Ramparts          Ice            0%         1d1       90%         3
 Hailstorm                Conj/Ice       0%         3d3       90%         3
 Ignite Poison            Fire/Tmut/Pois 0%         N/A       90%         3
 Airstrike                Air            0%         2d(0-16)  100%        4
 Animate Dead             Necr           0%         N/A       100%        4
 Sticky Flame             Conj/Fire      0%         2d3       100%        4
 Summon Lightning Spire   Summ/Air       0%         N/A       100%        4
 Plasma Beam              Fire/Air       0%         2x1d7     100%        5
 Haunt                    Necr/Summ      0%         N/A       100%        7
 Ignition                 Fire           0%         3d3       100%        8
 Infestation              Necr           0%         N/A       100%        8


Dungeon Overview and Level Annotations

Branches:
Dungeon (15/15)            Temple (1/1) D:6            Lair (0/5) D:10
    Orc (0/2) D:10         Vaults (0/5) D:13          Sewer (visited)
Ossuary (visited)         Gauntlet (visited)
 Depths: D:15

Altars:
Ashenzari
Cheibriados
Dithmenos
Fedhas
Gozag
Hepliaklqana
Kikubaaqudgha
Makhleb
Nemelex Xobeh
Okawaru
Qazlal
Ru
Sif Muna
Trog
Uskayaw
Vehumet
Wu Jian
Xom
Yredelemnul
Jiyva

Shops:
D:1 *   D:11 *   D:14 =

Portals:
Trove: D:12 (give horn of Geryon)


Innate Abilities, Weirdness & Mutations

Your life essence is reduced to manifest your ancestor. (-10% HP)
You are powered by pain.
You are mostly covered in sharp spines.
You have an unusually large brain. (Int +2)
Your touch may inflict irresistible damage on your foes.


Message History

You feel yourself speed up. The death knight completely misses you.
Unknown command.
The freezing wraith attacks as you move away!
The freezing wraith completely misses you.
The freezing wraith hits you.
Unknown command.
The freezing wraith attacks as you move away!
The freezing wraith hits you. The freezing wraith freezes you!
* * * LOW HITPOINT WARNING * * *
The freezing wraith closely misses you.
Unknown command.
The freezing wraith attacks as you move away!
The freezing wraith is struck by your spines.
The freezing wraith hits you but does no damage.
The freezing wraith completely misses you.
The death knight calls down the wrath of Yredelemnul upon you.
You resist with almost no effort.
Unknown command.
The freezing wraith attacks as you move away!
The freezing wraith is struck by your spines.
The freezing wraith completely misses you.
The freezing wraith hits you.
* * * LOW HITPOINT WARNING * * *
There is a stone staircase leading up here.
Unknown command.
The death knight calls down the wrath of Yredelemnul upon you.
You resist with almost no effort.
The freezing wraith is struck by your spines.
The freezing wraith completely misses you.
The freezing wraith hits you.
* * * LOW HITPOINT WARNING * * *
The freezing wraith drains your vigour!
You feel yourself slow down.
You climb upwards.
There is a stone staircase leading down here.
Unknown command.
You hit the death knight but do no damage.
The death knight is almost dead.
The death knight hits you with a +0 broad axe!!
You die...

........................#
........................#
........................#
...#####................#
...# #................#
...# #................#
...# #...#######..#####
...# #...#....W#..#
...#####...#...p@#..#
...........#.....#..#
...........#.....#..#
...........#.....#..#
...........#.....#..#
...###+###.#.....#..###
...#.....#.#.....#....#
...#.....#.#.....#....#
...#.....'.#####'#..###


You could see a death knight (very poisoned) and a freezing wraith.

Vanquished Creatures
  Gastronok (D:8)
  An ironbound preserver (D:13)
  A minotaur (Gauntlet)
  Snorg (D:13)
  A hydra (D:14)
  2 centaur warriors (D:13)
  A catoblepas (D:13)
  A two-headed ogre (D:11)
  3 boulder beetles
  2 thrashing horrors (Gauntlet)
  Pikel (D:8)
  7 cyclopes
  An elephant (D:10)
  11 ugly things
  Maurice (D:10)
  A manticore (D:13)
  A water nymph (shapeshifter) (D:14)
  A gargoyle (D:12)
  Joseph (D:8)
  An unseen horror (D:11)
  3 kobold demonologists (D:12)
  Psyche (D:9)
  A komodo dragon (D:12)
  A hornet (D:9)
  2 trolls
  3 meliai (D:14)
  Grinder (Sewer)
  6 slime creatures
  3 centaur simulacra (Gauntlet)
  A wraith (D:15)
  A wyvern (D:9)
  Grum (D:8)
  4 small abominations (Gauntlet)
  A steam dragon (D:8)
  Eustachio (D:4)
  A basilisk (D:10)
  9 vampire mosquitoes
  Menkaure (D:4)
  3 water moccasins
  2 acid dragons
  Duvessa (D:7)
  5 orc warriors
  A sky beast (D:8)
  2 black bears
  2 ogres
  4 wolves (D:8)
  A phantom (D:4)
  A centaur (D:9)
  4 kobold brigands
  3 bullfrogs (D:9)
  3 gnoll sergeants
  A scorpion (D:5)
  A cane toad simulacrum (Gauntlet)
  3 wights (D:7)
  A hexer (D:14)
  Dowan (D:7)
  17 killer bees
  5 howler monkeys
  3 vampire bats (D:3)
  2 quasits (Sewer)
  3 hounds
  A wyvern simulacrum (Gauntlet)
  5 jellies
  7 orc priests
  A gnoll bouda (D:7)
  2 human zombies (Ossuary)
  An iron imp (D:7)
  Terence (D:2)
  Ijyb (D:4)
  2 sleepcaps (D:6)
  6 orc wizards
  A boggart simulacrum (Gauntlet)
  4 mummies (Ossuary)
  8 gnolls
  9 adders
  5 shadow imps (Sewer)
  5 white imps
  3 ufetubi (Sewer)
  4 worms
  2 dart slugs
  23 orcs
  11 bats
  A bat zombie (Sewer)
  6 endoplasms
  9 giant cockroaches
  9 hobgoblins
  4 jackals (D:1)
  7 quokkas
  10 ball pythons
  2 frilled lizards
  2 gnoll zombies (Ossuary)
  7 goblins
  2 goblin zombies (Ossuary)
  24 kobolds
  3 kobold zombies
  6 rats
344 creatures vanquished.

Vanquished Creatures (collateral kills)
  A centaur warrior (D:13)
  A two-headed ogre (D:12)
  A skeletal warrior (D:15)
  3 ugly things (D:14)
  2 unseen horrors
  A troll (D:12)
  2 centaur simulacra (Gauntlet)
  2 slime creatures (D:15)
  A vampire (D:11)
  A wraith (D:10)
  A wyvern (D:10)
  5 vampire mosquitoes
  A black bear (D:10)
  2 howler monkeys
  A jelly (D:13)
  A gnoll (D:10)
  2 kobolds (D:12)
28 creatures vanquished.

Vanquished Creatures (others)
  A centaur warrior (D:13)
  Sonja (D:13)
  9 hexers
  An ancestor (D:10)
  A kobold zombie (Sewer)
  A withered plant (Gauntlet)
14 creatures vanquished.

Grand Total: 386 creatures vanquished

Notes
Turn   | Place    | Note
-------+----------+-------------------------------------------
     0 | D:1      | Demosthentine the Demonspawn Gladiator began the quest for
                  | the Orb.
     0 | D:1      | Reached XP level 1. HP: 16/16 MP: 1/1
   132 | D:1      | Gained mutation: Your touch may inflict minor irresistible
                  | damage on your foes. [demonic ancestry]
   132 | D:1      | Reached XP level 2. HP: 22/22 MP: 2/2
   444 | D:1      | Reached skill level 1 in Armour
   471 | D:1      | Found Nikkyt's Assorted Antiques.
   683 | D:1      | Reached XP level 3. HP: 28/28 MP: 3/3
   867 | D:2      | Noticed Terence
   875 | D:2      | Killed Terence
  1096 | D:2      | Gained mutation: You are partially covered in sharp spines.
                  | [demonic ancestry]
  1096 | D:2      | Reached XP level 4. HP: 30/34 MP: 4/4
  2016 | D:3      | Found a shimmering altar of Xom.
  2057 | D:3      | Gained mutation: You sometimes gain a little power by
                  | taking damage. [demonic ancestry]
  2057 | D:3      | Reached XP level 5. HP: 41/41 MP: 5/5
  2548 | D:1      | Bought a scroll labelled NYM DISIEJUEF for 29 gold pieces
  2548 | D:1      | Bought a black potion for 26 gold pieces
  2548 | D:1      | Bought a sedimented red potion for 26 gold pieces
  2675 | D:4      | Gained mutation: You sometimes gain power by taking damage.
                  | [demonic ancestry]
  2675 | D:4      | Reached XP level 6. HP: 47/47 MP: 6/6
  2695 | D:4      | Noticed Eustachio
  2710 | D:4      | Killed Eustachio
  2857 | D:4      | Found a sand-covered staircase.
  2861 | Ossuary  | Entered an ossuary
  2914 | Ossuary  | Gained mutation: You are mostly covered in sharp spines.
                  | [demonic ancestry]
  2914 | Ossuary  | Reached XP level 7. HP: 50/54 MP: 7/7
  3215 | D:4      | Noticed Ijyb
  3221 | D:4      | Killed Ijyb
  3301 | D:4      | Noticed Menkaure
  3305 | D:4      | Killed Menkaure
  3759 | D:5      | Entered Level 5 of the Dungeon
  3860 | D:5      | Reached skill level 1 in Shields
  3860 | D:5      | Found a glowing drain.
  3878 | Sewer    | Entered a sewer
  3975 | Sewer    | Found a burning altar of Makhleb.
  4021 | Sewer    | Noticed Grinder
  4032 | Sewer    | Killed Grinder
  4033 | Sewer    | Reached skill level 5 in Fighting
  4033 | Sewer    | Reached skill level 5 in Polearms
  4033 | Sewer    | Reached skill level 5 in Dodging
  4033 | Sewer    | Gained mutation: You are powered by pain. [demonic
                  | ancestry]
  4033 | Sewer    | Reached XP level 8. HP: 46/62 MP: 8/8
  4783 | D:5      | Identified a scroll of acquirement
  4783 | D:5      | Acquired the +7 trident "Vathruh" {venom, Will+ rCorr}
  4932 | D:6      | Found a blossoming altar of Fedhas.
  4932 | D:6      | Found an ancient bone altar of Kikubaaqudgha.
  5035 | D:6      | Found a hide-covered altar of Uskayaw.
  5038 | D:6      | Found a shadowy altar of Dithmenos.
  5342 | D:6      | Found a staircase to the Ecumenical Temple.
  5419 | Temple   | Entered the Ecumenical Temple
  5566 | Temple   | Became a worshipper of Hepliaklqana the Forgotten
  5658 | D:7      | Reached XP level 9. HP: 69/69 MP: 9/9
  5690 | D:7      | Noticed Dowan
  5691 | D:7      | Noticed Duvessa
  5697 | D:7      | Killed Duvessa
  5698 | D:7      | Reached skill level 5 in Armour
  5699 | D:7      | Killed Dowan
  6049 | D:7      | Found a snail-covered altar of Cheibriados.
  6133 | D:7      | Found a bloodstained altar of Trog.
  6153 | D:7      | You fall into a shaft and drop 2 floors!
  6283 | D:8      | Noticed Joseph
  6284 | D:8      | Noticed Pikel
  6293 | D:8      | Killed Pikel
  6299 | D:8      | Noticed Gastronok
  6302 | D:8      | Killed Joseph
  6326 | D:8      | Killed Gastronok
  6327 | D:8      | Reached skill level 5 in Shields
  6327 | D:8      | Reached XP level 10. HP: 79/79 MP: 10/10
  6360 | D:8      | Noticed Grum
  6383 | D:8      | Killed Grum
  6843 | D:7      | Gained mutation: Your touch may inflict irresistible damage
                  | on your foes. [demonic ancestry]
  6843 | D:7      | Reached XP level 11. HP: 87/87 MP: 11/11
  6859 | D:8      | Reached * piety under Hepliaklqana
  7221 | D:9      | Noticed Psyche
  7222 | D:9      | Reached skill level 1 in Invocations
  7234 | D:9      | Killed Psyche
  8099 | D:10     | Entered Level 10 of the Dungeon
  8326 | D:10     | Noticed Maurice
  8333 | D:10     | Killed Maurice
  8435 | D:10     | Found a staircase to the Orcish Mines.
  8459 | D:10     | Reached ** piety under Hepliaklqana
  8459 | D:10     | Found a staircase to the Lair.
  8460 | D:10     | Remembered your ancestor Cyneburga as a hexer
  8724 | D:11     | Noticed a boulder beetle
  8735 | D:11     | Killed a boulder beetle
  8736 | D:11     | Reached XP level 12. HP: 69/86 MP: 15/15
  8786 | D:11     | Found Mecwahil's General Store.
  8805 | D:11     | Bought a scroll of identify for 26 gold pieces
  8819 | D:11     | Bought an amulet of reflection for 390 gold pieces
  8842 | D:11     | Noticed a two-headed ogre
  8850 | D:11     | Killed a two-headed ogre
  8919 | D:11     | Reached skill level 5 in Invocations
  9455 | D:12     | Noticed a two-headed ogre
  9466 | D:12     | Killed a two-headed ogre
  9504 | D:12     | Found a portal to a secret trove of treasure.
  9579 | D:12     | Reached skill level 10 in Fighting
  9637 | D:12     | Found a gate leading to a gauntlet.
  9646 | Gauntlet | Entered a Gauntlet
  9646 | Gauntlet | Found a transporter.
  9790 | Gauntlet | Found a transporter.
  9791 | Gauntlet | Found a transporter.
  9805 | Gauntlet | Found a transporter.
  9807 | Gauntlet | Found a transporter.
  9815 | Gauntlet | Found a transporter.
  9831 | Gauntlet | Found a transporter.
  9834 | Gauntlet | Noticed a reaper
  9842 | Gauntlet | Found a transporter.
  9855 | Gauntlet | Found a transporter.
  9860 | Gauntlet | Found a transporter.
  9877 | Gauntlet | Found a transporter.
  9888 | Gauntlet | Found a transporter.
  9888 | Gauntlet | Found a transporter.
  9938 | Gauntlet | Found a transporter.
 10103 | Gauntlet | Identified the +0 cloak of the Land of Plenty {rElec Int-5
                  | Stlth+}
 10127 | Gauntlet | Noticed a minotaur
 10143 | Gauntlet | Killed a minotaur
 10341 | D:12     | Reached *** piety under Hepliaklqana
 10492 | D:13     | Noticed Sonja
 10493 | D:13     | Noticed Snorg
 10507 | D:13     | Killed Snorg
 10507 | D:13     | Killed Sonja
 10508 | D:13     | Reached skill level 10 in Polearms
 10508 | D:13     | Reached skill level 10 in Dodging
 10695 | D:13     | Noticed an ironbound preserver
 10704 | D:13     | Noticed a centaur warrior
 10707 | D:13     | Killed an ironbound preserver
 10708 | D:13     | Gained mutation: You have an unusually large brain. (Int
                  | +2) [demonic ancestry]
 10708 | D:13     | Reached XP level 13. HP: 89/94 MP: 19/19
 10763 | D:13     | Found a viscous altar of Jiyva.
 11112 | D:13     | Found a gate to the Vaults.
 11616 | D:14     | Reached skill level 10 in Invocations
 11862 | D:14     | Found Ehisoinn's Jewellery Emporium.
 12324 | D:15     | Entered Level 15 of the Dungeon
 12365 | D:15     | Found an iron altar of Okawaru.
 12438 | D:14     | Slain by a death knight

Illustrated notes

Levels and vault maps discovered:
D:1:      dpeg_arrival_long_road, layout_loops_ring, serial_shops, shop,
          minmay_misc_feat_pillars
D:2:      layout_loops_corners, minivault_23, nicolae_kite_square_tiling_tiny,
          kennysheep_generic_room_14, uniq_terence
D:3:      layout_rooms, xom_butterflies, nicolae_elyvilon_peaceful_grove,
          roderic_batcave
D:4:      layout_basic, nicolae_ossuary_entry_false_entrances,
          serial_corexii_hall, chequers_hall_statues_wall_a,
          corexii_hall_statues_l, uniq_ijyb, uniq_menkaure, uniq_eustachio
D:5:      layout_basic, portal_sewer_entry_f
D:6:      layout_gridville, grunt_temple_overflow_growth_and_decay, minitemple,
          minmay_temple_entry_tees
D:7:      layout_loops_ring, slow_altar_1, mainiacjoe_overflow_small_starburst,
          mainiacjoe_overflow_surrounded_room, dk_noncrumbling_2, uniq_duvessa
D:8:      layout_basic, uniq_pikel, uniq_joseph, uniq_gastronok, uniq_grum
D:9:      minmay_spotlight, layout_cave_pools, uniq_psyche
D:10:     layout_basic, david_lair_generic, orc_0_dummy,
          kennysheep_small_spiral, uniq_maurice
D:11:     layout_loops_cross, serial_shops, shop
D:12:     layout_big_octagon, gauntlet_entry_generic,
          nicolae_trove_entry_diagonal, corexii_hall_statues_x
D:13:     layout_rooms, skrybe_vaults_entry_preservation, minivault_22,
          jiyva_altar_1, uniq_sonja, uniq_snorg
D:14:     layout_irregular_city, nrook_campfire, serial_shops, kennysheep_mini
D:15:     hangedman_depths_entry_civil_slaughter, layout_basic,
          okawaru_gym_becter
Temple:   hellmonk_temple_forest_ring

Skill      XL: |  1  2  3  4  5  6  7  8  9 10 11 12 13 |
---------------+----------------------------------------+-----
Dodging        | 3 4 5 6 8 10 11 | 11.1
Polearms       | 3 4 5 6 8 10 11 | 11.1
Armour         | 1 2 3 4 6 7 8 |  8.0
Fighting       | 3 4 5 7 8 9 10 11 | 11.9
Shields        | 1 3 5 6 |  6.5
Invocations    | 4 8 10 | 10.7
Throwing       | |  1.7

Action                     |  1- 3 |  4- 6 |  7- 9 | 10-12 | 13-15 || total
---------------------------+-------+-------+-------+-------+-------++-------
  Melee: Trident           |    76 |   118 |   258 |   327 |   247 ||  1026
         Touch             |     4 |    16 |    41 |       |       ||    61
         Punch             |     1 |     1 |     2 |       |       ||     4
  Throw: Throwing net      |       |       |       |     3 |       ||     3
 Invoke: Recall Ancestor   |       |       |       |     1 |       ||     1
         Ancestor Life: He |       |       |       |     1 |       ||     1
    Use: Scroll            |     3 |     4 |     9 |    10 |     1 ||    27
         Potion            |       |       |     1 |     5 |     2 ||     8
   Stab: Sleeping          |     2 |     1 |       |     1 |       ||     4
         Distracted        |       |       |       |     5 |     4 ||     9
         Confused          |       |       |       |     1 |     4 ||     5
 Armour: Leather armour    |    24 |    31 |    40 |    59 |       ||   154
         Troll leather arm |       |       |       |    24 |    33 ||    57
  Dodge: Dodged            |    43 |    45 |    96 |   209 |    93 ||   486
  Block: Buckler           |       |       |       |   136 |    72 ||   208
         Reflection        |       |       |       |     3 |     5 ||     8

Table legend: (Time is in decaauts)
 A = Elapsed time spent in this place.
 B = Non-inter-level travel time spent in this place.
 C = Inter-level travel time spent in this place.
 D = Time resting spent in this place.
 E = Time spent auto-exploring this place.
 F = Levels seen in this place.
 G = Mean time per level.
                   A        B        C        D        E       F      G
               +--------+--------+--------+--------+--------+-----+--------+
         Total |  12394 |  11955 |    439 |    623 |   8713 |  19 |  652.3 |
       Dungeon |  11137 |  10698 |    439 |    619 |   7892 |  15 |  742.5 |
        Temple |    161 |    161 |      0 |      0 |    121 |   1 |  161.0 |
         Sewer |    358 |    358 |      0 |      0 |    208 |   1 |  358.0 |
       Ossuary |    219 |    219 |      0 |      0 |    120 |   1 |  219.0 |
      Gauntlet |    517 |    517 |      0 |      4 |    371 |   1 |  517.0 |
               +--------+--------+--------+--------+--------+-----+--------+

Top non-repeatable levels by time:
     D:2: 1127 daAuts
    D:14: 987 daAuts
     D:1: 932 daAuts
     D:9: 928 daAuts
     D:4: 920 daAuts
    D:13: 847 daAuts
     D:7: 768 daAuts
     D:8: 759 daAuts
    D:11: 726 daAuts
     D:5: 696 daAuts
     D:6: 672 daAuts
    D:10: 612 daAuts
     D:3: 592 daAuts
Gauntlet: 517 daAuts
    D:12: 459 daAuts
